AoeStats
← 白鹿城拉车车

Arena

509563755Analyzed
4v4 RM · 4d ago on Sep 27, 2026· 55m 29s· 8 players
Game mode
Random Map
Map size
Large (8 player)
Population
200
Speed
Normal
Resources
Standard
Victory
Conquest
Starting age
Dark Age
Ending age
Imperial Age
RankedLock teamsTeams togetherTeam positionsShared explorationLock speedFull tech treeHidden civsTurbo modeCheats
Victory
Defeat
🇨🇳 Varangians · China
1389
+8
1192
+16
🇨🇳 Sicilians · China
1171
+17
🇨🇳 Mapuche · China
1111
+18
🇨🇳 Khmer · China
1204
-15
🇦🇺 Danes · Australia
1196
-15
🇧🇪 Spanish · Belgium
1193
-15
🇨🇳 Dravidians · China
1176
-14
马虎
10:16 Feudal Age
13:34 Castle Age
11:24 Double-Bit Axe
12:15 Horse Collar
13:23 Loom
15:52 Bow Saw
23:11 Wheelbarrow
23:17 Wheelbarrow
23:52 Heavy Plow
28:52 Imperial Age
26:39 Scale Barding Armor
26:47 Forging
26:40 Devotion
27:20 Gold Mining
28:07 Husbandry
28:17 Bloodlines
29:29 Chain Barding Armor
29:47 Iron Casting
30:47 Plate Barding Armor
30:55 Gold Shaft Mining
31:34 Blast Furnace
30:12 Elite Battle Elephant
31:21 Tusk Swords
31:56 Conscription
35:13 Light Cavalry
40:10 Fletching
40:37 Hussar
53:53 Bodkin Arrow
波波菜
11:02 Feudal Age
14:40 Castle Age
12:43 Double-Bit Axe
12:51 Horse Collar
22:04 Wheelbarrow
21:44 Bow Saw
22:26 Heavy Plow
23:46 Hand Cart
24:12 Loom
25:40 Gold Mining
29:06 Imperial Age
26:37 Stone Mining
26:51 Squires
26:37 Arson
27:07 Scale Mail Armor
27:18 Forging
29:54 Chain Mail Armor
30:15 Iron Casting
29:29 Heavy Scorpion
31:13 Plate Mail Armor
31:46 Two-Man Saw
31:16 Ballistics
33:02 Fletching
33:07 Siege Elephant
35:45 Husbandry
38:01 Chemistry
37:27 Bodkin Arrow
38:00 Scale Barding Armor
40:35 Pikeman
41:52 Halberdier
43:49 Blast Furnace
43:31 Conscription
43:54 Wootz Steel
44:31 Bracer
47:34 Medical Corps
theonlygriffin
7:39 Loom
10:21 Feudal Age
11:21 Double-Bit Axe
15:23 Castle Age
13:31 Stone Mining
14:26 Horse Collar
17:12 Bow Saw
18:00 Heavy Plow
21:32 Gold Mining
23:36 Gold Shaft Mining
23:12 Fletching
23:23 Scale Mail Armor
25:32 Wheelbarrow
25:08 Squires
25:03 Arson
26:28 Fervor
31:27 Imperial Age
28:44 Town Watch
29:28 Ballistics
29:31 Hamask
30:58 Chain Mail Armor
30:54 Forging
30:39 Bodkin Arrow
31:26 Stone Shaft Mining
31:49 Hand Cart
31:34 Town Patrol
31:31 Capped Ram
32:36 Conscription
33:22 Onager
34:00 Siege Ram
34:33 Elite Jomsviking
35:35 Bracer
36:05 Plate Mail Armor
36:39 Hoardings
38:40 Siege Engineers
39:36 Chemistry
38:47 Masonry
38:32 Murder Holes
40:02 Iron Casting
40:29 Northmen's Fury
42:57 Gambesons
42:41 Man-at-Arms
44:23 Blast Furnace
42:57 Siege Onager
45:49 Coinage
46:49 Pikeman
46:52 Long Swordsman
49:34 Two-Handed Swordsman
49:36 Elite Varangian Guard
54:34 Champion
chninane
8:31 Loom
10:39 Feudal Age
14:56 Castle Age
13:15 Double-Bit Axe
14:10 Horse Collar
18:17 Bow Saw
26:52 Town Watch
29:28 Wheelbarrow
30:50 Hand Cart
36:09 Imperial Age
34:11 Husbandry
34:22 Bloodlines
36:22 Cavalier
37:13 Forging
37:23 Fletching
38:16 Scale Barding Armor
38:48 Iron Casting
40:29 Chain Barding Armor
46:26 Plate Barding Armor
46:52 Blast Furnace
52:44 Bodkin Arrow
53:41 Paladin
拉拉车
9:38 Feudal Age
15:02 Castle Age
13:37 Double-Bit Axe
14:35 Horse Collar
17:00 Bow Saw
18:08 Heavy Plow
20:01 Gold Mining
21:31 Stone Mining
24:13 Wheelbarrow
24:52 Gold Shaft Mining
28:40 Imperial Age
26:52 Fletching
27:03 Padded Archer Armor
27:42 Hand Cart
27:13 Loom
28:24 Stone Shaft Mining
28:16 Malon
29:25 Bodkin Arrow
30:39 Crop Rotation
30:59 Leather Archer Armor
31:22 Ballistics
32:30 Ring Archer Armor
32:11 Forging
32:01 Scale Mail Armor
32:28 Elite Bolas Rider
33:20 Town Watch
34:55 Iron Casting
36:51 Chemistry
37:05 Conscription
36:51 Butalmapu
43:39 Bombard Tower
43:15 Murder Holes
重案组之虎曹达华JESSEJAMES
10:14 Feudal Age
15:29 Castle Age
14:44 Double-Bit Axe
14:42 Horse Collar
17:05 Wheelbarrow
16:48 Bow Saw
22:06 Loom
22:33 Heavy Plow
23:18 Gold Mining
24:37 Gold Shaft Mining
29:47 Imperial Age
27:14 Pikeman
30:07 Fletching
30:52 Conscription
30:33 Double Crossbow
31:02 Hand Cart
31:13 Bodkin Arrow
32:47 Chemistry
32:08 Ballistics
32:17 Heavy Scorpion
33:22 Bracer
36:05 Halberdier
37:45 Scale Mail Armor
37:56 Forging
40:02 Chain Mail Armor
50:34 Capped Ram
52:07 Siege Ram
白鹿城拉车车
9:43 Feudal Age
13:13 Castle Age
11:26 Double-Bit Axe
11:30 Horse Collar
16:28 Bow Saw
21:53 Wheelbarrow
22:38 Loom
23:46 Hand Cart
25:16 Heavy Plow
25:08 Stone Mining
25:37 Scale Barding Armor
28:54 Imperial Age
26:38 Gold Mining
27:23 Stone Shaft Mining
27:16 Scale Barding Armor
27:21 Forging
29:00 Chain Barding Armor
29:27 Iron Casting
29:57 Conscription
30:03 Husbandry
30:14 Bloodlines
31:47 Two-Man Saw
31:18 Crop Rotation
31:50 Plate Barding Armor
32:50 Blast Furnace
31:51 Elite Jarl
33:33 Gothikon
36:20 Cavalier
37:49 Squires
37:35 Arson
37:36 Gambesons
37:48 Elite Varangian Guard
39:58 Fletching
41:20 Chemistry
40:41 Ballistics
39:55 Light Cavalry
41:40 Murder Holes
41:56 Masonry
41:51 Siege Engineers
41:57 Fortified Wall
43:28 Hussar
44:21 Bodkin Arrow
44:59 Architecture
45:14 Bracer
48:08 Pikeman
49:19 Town Watch
52:16 Scale Mail Armor
53:27 Chain Mail Armor
54:04 Caravan
56:02 Caravan
1826193685
10:25 Feudal Age
11:54 Double-Bit Axe
14:37 Loom
17:21 Horse Collar
22:25 Castle Age
20:39 Fletching
22:03 Forging
23:53 Wheelbarrow
22:58 Elite Skirmisher
24:14 Bodkin Arrow
27:03 Heavy Plow
28:23 Gold Mining
33:31 Imperial Age
31:36 Bow Saw
32:49 First Crusade
32:46 Scale Mail Armor
33:21 Squires
33:09 Arson
34:49 Iron Casting
35:26 Hand Cart
35:38 Bracer
36:40 Blast Furnace
36:16 Chain Mail Armor
35:36 Elite Serjeant
38:55 Plate Mail Armor
40:31 Conscription
43:06 Capped Ram
44:18 Siege Ram
50:36 Bracer
Connection lost

Rejoining the realm…

Still unreachable

The connection could not be restored.

Session expired

The server has moved on; the page needs a fresh start.